 Dungeon Crawl Stone Soup version 0.30-a0-632-g346586fe48 (webtiles) character file.

Game seed: 11086864108069118909

4033 vineage the Fighter (level 10, -5/68 HPs)
             Began as a Gargoyle Fighter on Jan 13, 2023.
             Was a Believer of Okawaru.
             Shot with an arrow by a centaur warrior (12 damage)
             ... on level 8 of the Dungeon on Jan 14, 2023.
             The game lasted 00:11:09 (6050 turns).

vineage the Fighter (Gargoyle Fighter)              Turns: 6050, Time: 00:11:09

Health: -5/68      AC: 24    Str: 25    XL:     10   Next: 24%
Magic:  10/10      EV: 10    Int: 11    God:    Okawaru [**....]
Gold:   929        SH:  6    Dex: 13    Spells: 9/9 levels left

rFire   . . .      SeeInvis +    F - +0 morningstar (protect)
rCold   . . .      Faith    .    c - +0 buckler
rNeg    + . .      Spirit   .    O - +5 ring mail of Existentialism {Int+3}
rPois   ∞          Reflect  .    f - +0 helmet
rElec   +          Harm     .    o - +2 cloak
rCorr   +          Rampage  .    (no gloves)
Will    +....                    l - +0 pair of boots
Stlth   ++                       j - amulet of regeneration
HPRegen 1.11/turn                L - ring of Wariness {Will+ rCorr Dex-2 SInv Stlth+}
MPRegen 0.12/turn                b - +6 ring of dexterity

@: no status effects
A: sickness immunity, AC +7, negative energy resistance 1, electricity
resistance, torment resistance 1, petrification resistance
a: Renounce Religion, Heroism


You were on level 8 of the Dungeon.
You worshipped Okawaru.
Okawaru was pleased with you.
You visited 2 branches of the dungeon, and saw 9 of its levels.
You also visited: Sewer and Ossuary.

You collected 929 gold pieces.

Inventory:

Hand Weapons
 a - a +1 flail
 i - a +0 flail of protection
 F - a +0 morningstar of protection (weapon)
Armour
 c - a +0 buckler (worn)
 f - a +0 helmet (worn)
 l - a +0 pair of boots (worn)
 o - a +2 cloak (worn)
 O - the +5 ring mail of Existentialism (worn) {Int+3}
   (You found it on level 7 of the Dungeon)

   Int:       It affects your intelligence (+3).
Jewellery
 b - a +6 ring of dexterity (right hand)
 j - an amulet of regeneration (around neck)
 m - a ring of ice
 p - a ring of resist corrosion
 L - the ring of Wariness (left hand) {Will+ rCorr Dex-2 SInv Stlth+}
   (You found it in a sewer)

   [ring of willpower]

   Dex:       It affects your dexterity (-2).
   SInv:      It lets you see invisible.
   rCorr:     It protects you from acid and corrosion.
   Will:      It increases your willpower.
   Stlth:     It makes you more stealthy.
Wands
 u - a wand of roots (8)
 x - a wand of mindburst (38)
 D - a wand of flame (23)
 G - a wand of paralysis (10)
Scrolls
 h - 3 scrolls of poison
 n - a scroll of enchant weapon
 v - 5 scrolls of identify
 y - a scroll of fog
 H - a scroll of teleportation
 J - a scroll of amnesia
 K - a scroll of fear
 M - a scroll of blinking
 N - 3 scrolls of immolation {unknown}
Potions
 d - 3 potions of might
 e - 2 potions of attraction
 g - 2 potions of haste
 k - a potion of cancellation {unknown}
 q - 3 potions of degeneration {unknown}
 r - a potion of berserk rage {unknown}
 s - a potion of invisibility {unknown}
 t - a potion of resistance {unknown}
 w - 4 potions of heal wounds {unknown}
 z - 3 potions of mutation {unknown}
 A - a potion of flight {unknown}
 B - a potion of lignification {unknown}
 E - 3 potions of brilliance {unknown}


   Skills:
 * Level 9.9 Fighting
 * Level 8.6 Maces & Flails
 + Level 7.2 Armour
 + Level 7.2 Shields


You had 9 spell levels left.
You didn't know any spells.
Your spell library contained the following spells:

 Spells                   Type           Power      Damage    Failure   Level
 Apportation              Tloc           0%         N/A       54%         1
 Freeze                   Ice            0%         1d3       54%         1
 Necrotise                Necr           0%         1d4       54%         1
 Frozen Ramparts          Ice            0%         1d1       88%         3
 Hailstorm                Conj/Ice       0%         3d3       88%         3
 Petrify                  Tmut/Erth      0%         N/A       99%         4
 Metabolic Englaciation   Hex/Ice        0%         N/A       100%        5
 Summon Small Mammal      Summ           Unusable   N/A       N/A         1
 Statue Form              Tmut/Erth      Unusable   N/A       N/A         6

Dungeon Overview and Level Annotations

Branches:
Dungeon (8/15)             Temple (1/1) D:6           Sewer (visited)
Ossuary (visited)
   Lair: D:8-11

Altars:
Ashenzari
Cheibriados
Dithmenos
Elyvilon
Fedhas
Hepliaklqana
Kikubaaqudgha
Makhleb
Nemelex Xobeh
Okawaru
Qazlal
Sif Muna
Trog
Uskayaw
Wu Jian
Xom
Yredelemnul
Zin
The Shining One

Shops:
D:5 *   D:6 :


Innate Abilities, Weirdness & Mutations

You are immune to sickness and miasma.
Your stone body is resilient. (AC +7)
You are immune to poison.
You resist negative energy. (rN+)
You are resistant to electric shocks. (rElec)
You are resistant to unholy torment.
You are immune to petrification.


Message History

The sky beast hits you but does no damage.
The steam dragon closely misses you. You block the steam dragon's attack.
The centaur shoots an arrow.
The arrow hits the sky beast.
The centaur warrior wields a +0 shortbow.
The centaur warrior shoots an arrow.
The arrow hits you but does no damage.
The steam dragon bites you but does no damage.
The steam dragon claws you.
The centaur warrior shoots an arrow.
The arrow closely misses the sky beast.
The arrow barely misses you.
The centaur warrior shoots an arrow.
The arrow barely misses the sky beast.
The arrow hits you! The sky beast attacks as you move away!
The sky beast misses you. The steam dragon breathes steam at you.
The ball of steam misses you.
The centaur warrior unwields a +0 shortbow.
The centaur warrior hits you but does no damage.
The centaur warrior kicks you but does no damage.
The sky beast is engulfed in a cloud of scalding steam.
The steam dragon bites you but does no damage.
You block the steam dragon's attack.
The centaur shoots an arrow.
The arrow hits you. The sky beast attacks as you move away!
The sky beast closely misses you.
The centaur warrior wields a +0 shortbow.
The centaur warrior shoots an arrow.
The arrow hits you!
The centaur shoots an arrow.
The arrow hits you!
* * * LOW HITPOINT WARNING * * *
You feel a bit more experienced.
The centaur warrior is engulfed in a cloud of scalding steam.
The centaur warrior shoots an arrow.
You block the arrow.
The centaur warrior shoots an arrow.
The arrow hits you.
The centaur warrior shoots an arrow.
The arrow hits you!
* * * LOW HITPOINT WARNING * * *
The steam dragon breathes steam at you. The ball of steam hits you!
* * * LOW HITPOINT WARNING * * *
You feel better.
You are engulfed in a cloud of scalding steam.
The centaur warrior shoots an arrow.
The arrow hits you but does no damage.
The centaur shoots an arrow.
The arrow hits you but does no damage.
The centaur warrior shoots an arrow.
The arrow hits you!
You die...

### #§#
##@## #.§.#
##§..##
#.D#.c#
##.†#c.##
#)...../#
##.....###
#.###.###.#
#..c).....##


You could see a centaur warrior, a steam dragon (catching breath) and a centaur.

Vanquished Creatures
  Pikel (D:6)
  Sigmund (D:3)
  2 wraiths (Ossuary)
  Menkaure (D:6)
  Duvessa (D:6)
  2 water moccasins (D:5)
  An orc warrior (D:7)
  Pargi (Sewer)
  2 sky beasts (D:6)
  An ice beast (D:8)
  An ogre (D:6)
  A centaur (D:7)
  A lemure (D:6)
  A phantom (D:6)
  Blork the orc (D:6)
  2 kobold brigands
  2 necrophages
  3 bullfrogs (D:8)
  2 scorpions
  An elf zombie (D:5)
  3 wights
  Dowan (D:6)
  10 hounds
  A jelly (D:5)
  A gnoll bouda (D:5)
  A human zombie (D:5)
  2 orc priests
  2 human skeletons (D:5)
  6 orc wizards
  7 iguanas
  11 adders
  6 gnolls
  A river rat (D:6)
  2 white imps (D:6)
  2 adder zombies (Ossuary)
  A worm (D:2)
  3 dart slugs
  25 orcs
  10 ball pythons
  7 endoplasms
  3 giant cockroaches
  9 hobgoblins
  16 kobolds
  A quokka (D:1)
  A ball python skeleton (Ossuary)
  6 bats
  8 frilled lizards
  11 goblins
  2 hobgoblin zombies (Ossuary)
  7 orc skeletons
  9 rats
203 creatures vanquished.

Vanquished Creatures (others)
  A sky beast (D:8)
  2 orc wizards
3 creatures vanquished.

Grand Total: 206 creatures vanquished

Notes
Turn   | Place    | Note
-------+----------+-------------------------------------------
     0 | D:1      | vineage the Gargoyle Fighter began the quest for the Orb.
     0 | D:1      | Reached XP level 1. HP: 14/14 MP: 1/1
   123 | D:1      | Reached XP level 2. HP: 15/19 MP: 2/2
   552 | D:1      | Identified a scroll of acquirement
   552 | D:1      | Acquired 595 gold pieces
   619 | D:2      | Reached XP level 3. HP: 24/24 MP: 3/3
   780 | D:2      | Reached skill level 4 in Fighting
   811 | D:2      | Reached XP level 4. HP: 29/29 MP: 4/4
  1516 | D:3      | Reached XP level 5. HP: 11/34 MP: 5/5
  1657 | D:3      | Noticed Sigmund
  1676 | D:3      | HP: 1/34 [something (2)]
  1687 | D:3      | Killed Sigmund
  1688 | D:3      | Reached skill level 5 in Fighting
  1688 | D:3      | Reached XP level 6. HP: 18/40 MP: 6/6
  1712 | D:3      | Found a shimmering altar of Xom.
  1873 | D:3      | Found a snail-covered altar of Cheibriados.
  1911 | D:3      | Found a burning altar of Makhleb.
  2023 | D:3      | Reached XP level 7. HP: 44/44 MP: 7/7
  2828 | D:5      | Entered Level 5 of the Dungeon
  2877 | D:4      | Reached skill level 6 in Fighting
  3008 | D:5      | Reached skill level 5 in Maces & Flails
  3036 | D:5      | Found a sand-covered staircase.
  3048 | D:5      | Reached skill level 5 in Shields
  3053 | Ossuary  | Entered an ossuary
  3164 | Ossuary  | Noticed a flying skull
  3164 | Ossuary  | Noticed a wraith
  3177 | Ossuary  | Noticed a flying skull
  3232 | Ossuary  | Reached skill level 5 in Armour
  3255 | Ossuary  | Reached XP level 8. HP: 52/52 MP: 8/8
  3283 | Ossuary  | Noticed a flying skull
  3284 | Ossuary  | Noticed a flying skull
  3290 | Ossuary  | Noticed a wraith
  3303 | Ossuary  | Killed a wraith
  3318 | Ossuary  | Noticed a wraith
  3331 | Ossuary  | Killed a wraith
  3332 | Ossuary  | Reached skill level 7 in Fighting
  3514 | D:5      | Found Okhlet's Elemental Accessories.
  3882 | D:5      | Reached XP level 9. HP: 57/59 MP: 9/9
  3886 | D:5      | Reached skill level 8 in Fighting
  4326 | D:6      | Found a staircase to the Ecumenical Temple.
  4335 | Temple   | Entered the Ecumenical Temple
  4438 | Temple   | Became a worshipper of Warmaster Okawaru
  4481 | D:6      | Noticed Pikel
  4482 | D:6      | Found a basalt altar of Yredelemnul.
  4499 | D:6      | Found Raluul's Vocational Training.
  4518 | D:6      | Killed Pikel
  4558 | D:6      | Noticed Menkaure
  4572 | D:6      | Killed Menkaure
  4573 | D:6      | Reached skill level 9 in Fighting
  4645 | D:6      | Noticed Duvessa
  4645 | D:6      | Noticed Dowan
  4661 | D:6      | Killed Duvessa
  4661 | D:6      | Reached * piety under Okawaru
  4669 | D:6      | Killed Dowan
  4832 | D:6      | Found a glowing drain.
  4852 | Sewer    | Entered a sewer
  4899 | Sewer    | Noticed Pargi
  4918 | Sewer    | Killed Pargi
  4939 | Sewer    | Identified the ring of Wariness {Will+ rCorr Dex-2 SInv
                  | Stlth+}
  5080 | D:6      | Found a glowing golden altar of the Shining One.
  5082 | D:6      | Noticed Blork the orc
  5108 | D:6      | Killed Blork the orc
  5109 | D:6      | Reached XP level 10. HP: 42/66 MP: 10/10
  5489 | D:7      | Identified the +5 ring mail of Existentialism {Int+3}
  6014 | D:8      | Reached ** piety under Okawaru
  6034 | D:8      | Noticed a centaur warrior
  6035 | D:8      | Identified the amulet of Evorch {Spirit *Slow rPois Str+7}
  6049 | D:8      | HP: 1/68 [something/ball of steam (13)]
  6050 | D:8      | Shot with an arrow by a centaur warrior

Illustrated notes

Levels and vault maps discovered:
D:1:      psy_arrival_basics, layout_rooms, serial_park_tiny_1,
          chequers_serial_rivers_micro_e, kennysheep_pointless_box
D:2:      layout_basic
D:3:      layout_rooms, mainiacjoe_overflow_concentric_impassable,
          mainiacjoe_overflow_catch_the_wave, minivault_26,
          corexii_corridor_pit, cheibrodos_gnoll_hut, uniq_sigmund
D:4:      layout_basic
D:5:      layout_gridville, nicolae_ossuary_entry_catacombs,
          nicolae_elemental_shop, minmay_fractal_squares_5
D:6:      dreamdust_elfheim, layout_rooms, nicolae_tso_carved_into_rock,
          yredelemnul_altar_generic, minmay_temple_entry_junction,
          portal_sewer_entry_b, nicolae_shop_vocational, uniq_blork_the_orc,
          uniq_duvessa, uniq_pikel, uniq_menkaure
D:7:      layout_cave_pools, chequers_hall_statues_wall_a, kennysheep_boxes
D:8:      minmay_the_grid_triangle_9x9_rhombus_thin
          [minmay_the_grid_triangle_9x9_dagger,
          minmay_the_grid_triangle_9x9_prize_special,
          minmay_the_grid_triangle_9x9_zippers_vertical,
          minmay_the_grid_triangle_9x9_minimal], layout_loops_corners,
          mainiacjoe_overflow_paths, nicolae_overflow_two_pavilions,
          hangedman_decor_slide_cut
Temple:   compressed_dpeg_circular_temple

Skill      XL: |  1  2  3  4  5  6  7  8  9 10 |
---------------+-------------------------------+-----
Fighting       | 4 5 6 7 9 |  9.9
Maces & Flails | 3 4 5 6 8 |  8.6
Armour         | 4 5 6 7 |  7.2
Shields        | 4 5 6 7 |  7.2

Action                   |  1- 3 |  4- 6 |  7- 9 | 10-12 || total
-------------------------+-------+-------+-------+-------++-------
Melee: Flail             |   115 |   165 |   199 |       ||   479
       Morningstar       |       |       |   359 |    70 ||   429
  Use: Scroll            |     5 |       |     8 |     2 ||    15
       Potion            |       |     2 |       |     1 ||     3
Armor: Scale mail        |   120 |   140 |   216 |       ||   476
       Chain mail        |       |       |   329 |    13 ||   342
       Ring mail         |       |       |       |    61 ||    61
Dodge: Dodged            |    74 |   104 |   303 |    55 ||   536
Block: Buckler           |    40 |    37 |   210 |    35 ||   322

Table legend: (Time is in decaauts)
 A = Elapsed time spent in this place.
 B = Non-inter-level travel time spent in this place.
 C = Inter-level travel time spent in this place.
 D = Time resting spent in this place.
 E = Time spent auto-exploring this place.
 F = Levels seen in this place.
 G = Mean time per level.
                   A        B        C        D        E       F      G
               +--------+--------+--------+--------+--------+-----+--------+
         Total |   6305 |   5736 |    569 |     47 |   3684 |  11 |  573.2 |
       Dungeon |   5602 |   5096 |    506 |     47 |   3394 |   8 |  700.2 |
        Temple |    139 |     76 |     63 |      0 |     64 |   1 |  139.0 |
         Sewer |    192 |    192 |      0 |      0 |     76 |   1 |  192.0 |
       Ossuary |    371 |    371 |      0 |      0 |    149 |   1 |  371.0 |
               +--------+--------+--------+--------+--------+-----+--------+

Top non-repeatable levels by time:
     D:5: 973 daAuts
     D:2: 874 daAuts
     D:6: 860 daAuts
     D:4: 737 daAuts
     D:3: 716 daAuts
     D:1: 668 daAuts
     D:7: 565 daAuts
 Ossuary: 371 daAuts
     D:8: 206 daAuts
   Sewer: 192 daAuts
  Temple: 139 daAuts
